 Dungeon Crawl Stone Soup version 0.30.0-15-g856e2d3f33 (webtiles) character file.

Game seed: 11898952040720077407

59 CaptainMV the Insei (level 3, 0/26 HPs)
             Began as a Demonspawn Wanderer on May 19, 2023.
             Slain by a phantom (5 damage)
             ... on level 3 of the Dungeon.
             The game lasted 00:10:48 (1402 turns).

CaptainMV the Insei (Demonspawn Wanderer)           Turns: 1402, Time: 00:10:48

Health: 0/26       AC:  4    Str: 12    XL:     3   Next: 78%
Magic:  1/5        EV: 11    Int: 14    God:
Gold:   148        SH:  4    Dex: 13    Spells: 1/5 levels left

rFire   . . .        a - +1 hand axe (venom)
rCold   . . .        c - +0 buckler
rNeg    . . .        e - +0 robe
rPois   .            (helmet currently unavailable)
rElec   .            (no cloak)
rCorr   .            (no gloves)
SInv    .            (boots currently unavailable)
Will    .....        (no amulet)
Stlth   ++           (no ring)
HPRegen 0.24/turn    (no ring)
MPRegen 0.09/turn

%: no passive effects
@: appendages
A: talons 2, horns 1, icy blue scales 1
a: End Transformation


You were on level 3 of the Dungeon.
You had temporarily grown beastly talons.
You visited 1 branch of the dungeon, and saw 3 of its levels.

You collected 148 gold pieces.

Inventory:

Hand Weapons
 a - a +1 hand axe of venom (weapon)
 g - a +0 dagger
Armour
 c - a +0 buckler (worn)
 e - a +0 robe (worn)
Scrolls
 d - 2 scrolls of teleportation
 i - a scroll of magic mapping
Potions
 f - a potion of berserk rage
 h - a potion of flight {unknown}
 j - a potion of lignification


   Skills:
 + Level 1.2 Fighting
 + Level 0.1 Axes
 + Level 1.0 Armour
 + Level 1.5 Dodging
 + Level 1.6 Stealth
 + Level 1.3 Shields
 + Level 3.0 Unarmed Combat
 + Level 1.5 Spellcasting
 + Level 1.4 Transmutations


You had one spell level left.
You knew the following spells:

 Your Spells              Type           Power      Damage    Failure   Level
a - Beastly Appendage     Tmut           10%        N/A       19%         1
b - Ignite Poison         Fire/Tmut/Pois 2%         N/A       65%         3

Your spell library contained the following spells:

 Spells                   Type           Power      Damage    Failure   Level


Dungeon Overview and Level Annotations

Branches:
Dungeon (3/15)

Altars:


Innate Abilities, Weirdness & Mutations

You have temporarily grown beastly talons.
You have a pair of small horns on your head.
You are partially covered in icy blue scales. (AC +2)


Message History

Casting: Beastly Appendage (safe; 21% risk of failure)
Confirm with . or Enter, or press ? or * to list all spells.
The spell is astonishingly dangerous to miscast (65% risk of failure)!
Continue anyway?
You ignite the poison in your surroundings!
The adder seems to burn from within!!!
You kill the adder!
You feel sick.
You feel sick.
You are no longer poisoned.
You see here an adder corpse.
An orc comes into view. It is wielding a +0 mace.
The orc moves out of view.
You now have 148 gold pieces (gained 9).
Your talons disappear.
The orc shouts!
Casting: Beastly Appendage (safe; 21% risk of failure)
Press: ? - help, Q - select action Dir - look around, f - activate Your feet morph into talons.
You barely miss the orc. You claw the orc. You headbutt the orc.
You kill the orc!
Your transformation is almost over.
A phantom comes into view.
Things that are here:
a +0 mace; 5 gold pieces; an orc corpse
Casting: Beastly Appendage (safe; 19% risk of failure)
Confirm with . or Enter, or press ? or * to list all spells.
You extend your transformation's duration.
The phantom hits you!
You completely miss the phantom. The phantom hits you.
You block the phantom's attack.
You slash the phantom! Your kick misses the phantom.
The phantom is moderately damaged.
The phantom hits you.
* * * LOW HITPOINT WARNING * * *
The phantom blinks!
You blink.
Found a large pearl ring, a brown potion and a murky white potion.
You barely miss the phantom.
The phantom is moderately damaged.
The phantom hits you.
You die...

.. ...# .!.
.... ..!.
#..#
....##=.# #
...#..# ...
....#
##....#.W#
........@#
#.#.##.##
#...#...###.#
#....ยง.....#
#.##...#
###.###.##
........#
#.###..)# #
#...#


You could see a phantom.

Vanquished Creatures
  2 adders
  2 worms
  A dart slug (D:1)
  An orc (D:3)
  2 endoplasms (D:1)
  2 giant cockroaches
  3 goblins
  2 hobgoblins
  2 jackals (D:1)
  2 quokkas
  4 ball pythons
  2 bats (D:1)
  2 frilled lizards (D:1)
  2 kobolds (D:1)
  2 rats (D:1)
31 creatures vanquished.

Notes
Turn   | Place    | Note
-------+----------+-------------------------------------------
     0 | D:1      | CaptainMV the Demonspawn Wanderer began the quest for the
                  | Orb.
     0 | D:1      | CaptainMV set off with the following items: a +0 dagger, a
                  | potion of heal wounds, a +0 buckler, a scroll of
                  | teleportation, a +0 robe, a potion of berserk rage; and the
                  | following spell memorised: Beastly Appendage; and the
                  | following spells available to memorise: Ignite Poison.
     0 | D:1      | Reached XP level 1. HP: 15/15 MP: 2/2
   113 | D:1      | Gained mutation: You have a pair of small horns on your
                  | head. [demonic ancestry]
   113 | D:1      | Reached XP level 2. HP: 14/21 MP: 3/3
   406 | D:1      | Reached skill level 3 in Unarmed Combat
   898 | D:2      | Gained mutation: You are partially covered in icy blue
                  | scales. (AC +2) [demonic ancestry]
   898 | D:2      | Reached XP level 3. HP: 17/26 MP: 0/4
  1016 | D:2      | Learned a level 3 spell: Ignite Poison
  1395 | D:3      | Noticed a phantom
  1402 | D:3      | Slain by a phantom

Illustrated notes

Levels and vault maps discovered:
D:1:      dpeg_arrival_brainrot, layout_basic
D:2:      layout_basic, dk_noncrumbling_3
D:3:      layout_loops_ring, mainiacjoe_overflow_cross_hatched,
          uniq_crazy_yiuf_cottage

Skill      XL: |  1  2 |
---------------+-------+-----
Unarmed Combat | 3 |  3.0
Fighting       | |  1.2
Axes           | |  0.1
Armour         | |  1.0
Dodging        | |  1.5
Stealth        | |  1.6
Shields        | |  1.3
Spellcasting   | |  1.5
Transmutations | |  1.4

Action                     || total
---------------------------++-------
  Melee: Dagger            ||    27
         Kick              ||    17
         Headbutt          ||    14
         Hand axe          ||    72
   Cast: Beastly Appendage ||    21
         Ignite Poison     ||     1
    Use: Scroll            ||     8
         Potion            ||     1
   Stab: Sleeping          ||     2
 Armour: Robe              ||    17
  Dodge: Dodged            ||    51
  Block: Buckler           ||    20
